 Dungeon Crawl Stone Soup version 0.27-a0-1191-g601b473118 (webtiles) character file.

Game seed: 11923682013075750908

1098 1player the Skirmisher (level 8, -8/51 (55) HPs)
             Began as an Octopode Transmuter on May 23, 2021.
             Mangled by a hornet zombie (12 damage)
             ... on level 6 of the Dungeon.
             The game lasted 00:30:14 (9243 turns).

1player the Skirmisher (Octopode Transmuter)        Turns: 9243, Time: 00:30:14

HP:   -8/51 (55)    AC:  1    Str: 10    XL:     8   Next: 32%
MP:   11/11         EV: 13    Int: 17    God:
Gold: 230           SH:  0    Dex: 18    Spells: 2/11 levels left

rFire    . . .     SeeInvis .     - Unarmed
rCold    . . .     Faith    .   (no shield)
rNeg     + . .     Spirit   .   (helmet currently unavailable)
rPois    .         Reflect  .   j - amulet of magic regeneration
rElec    .         Harm     .   k - ring of flight
rCorr    .         Rampage  .   q - ring of positive energy
Will     .....                  v - +6 ring of dexterity
Stlth    +++.......             (no ring)
HPRegen  0.17/turn              (no ring)
MPRegen  0.37/turn              (no ring)
                                (no ring)
                                (no ring)

@: appendages (expiring), flying, drained
A: tentacle spike 3, almost no armour, amphibious, 8 rings, camouflage 1,
gelatinous body 1, (nimble swimmer 1), tentacles
a: End Transformation


You were on level 6 of the Dungeon.
One of your tentacles had grown a beastly spike.
You visited 1 branch of the dungeon, and saw 6 of its levels.

You collected 230 gold pieces.

Inventory:

Hand Weapons
 i - a +3 dagger of venom
Jewellery
 j - an amulet of magic regeneration (around mantle)
 k - a ring of flight (left tentacle)
 q - a ring of positive energy (right tentacle)
 v - a +6 ring of dexterity (on tentacle)
Wands
 f - a wand of digging (7)
Scrolls
 b - 3 scrolls of magic mapping
 e - a scroll of teleportation
 u - a scroll of amnesia {unknown}
 w - 3 scrolls of torment {unknown}
 x - a scroll of holy word {unknown}
 y - a scroll of acquirement {unknown}
Potions
 l - 3 potions of curing {unknown}
 n - a potion of resistance {unknown}
 o - a potion of magic {unknown}
 p - 3 potions of heal wounds {unknown}
 r - a potion of haste {unknown}
 s - a potion of berserk rage {unknown}
 t - a potion of flight {unknown}


   Skills:
 + Level 5.2 Fighting
 - Level 2.0 Dodging
 - Level 5.0 Unarmed Combat
 - Level 2.0 Spellcasting
 - Level 5.0 Hexes
 - Level 3.0 Transmutations
 + Level 2.1 Ice Magic
 - Level 3.0 Poison Magic


You had 2 spell levels left.
You knew the following spells:

 Your Spells              Type           Power      Damage    Failure   Level
a - Confusing Touch       Hex            18%        N/A       8%          3
b - Beastly Appendage     Tmut           22%        N/A       5%          1
m - Passwall              Tmut/Erth      5%         N/A       16%         2
z - Spider Form           Tmut/Pois      5%         N/A       17%         3

Your spell library contained the following spells:

 Spells                   Type           Power      Damage    Failure   Level
 Corona                   Hex            20%        N/A       2%          1
 Slow                     Hex            18%        N/A       3%          2
 Ensorcelled Hibernation  Hex/Ice        26%        N/A       7%          2
 Wereblood                Tmut           11%        N/A       9%          2
 Magic Dart               Conj           4%         1d3       19%         1
 Sandblast                Erth           2%         2d4       19%         1
 Blink                    Tloc           N/A        N/A       28%         2
 Call Imp                 Summ           1%         N/A       28%         2
 Tukima's Dance           Hex            18%        N/A       8%          3
 Dazzling Flash           Conj/Hex       20%        N/A       21%         3
 Mephitic Cloud           Conj/Pois/Air  5%         N/A       36%         3
 Conjure Flame            Conj/Fire      1%         6-21      50%         3
 Ice Form                 Ice/Tmut       10%        N/A       56%         4
 Hydra Form               Tmut           5%         N/A       83%         5
 Excruciating Wounds      Necr           0%         N/A       99%         5
 Statue Form              Tmut/Erth      4%         N/A       100%        6


Dungeon Overview and Level Annotations

Branches:
Dungeon (6/15)
 Temple: D:4-7

Altars:
Kikubaaqudgha
Nemelex Xobeh

Shops:
D:1 [   D:5 =

Annotations:
D:5 exclusion: sky beast


Innate Abilities, Weirdness & Mutations

One of your tentacles has grown a beastly spike.
You cannot wear most types of armour.
You are amphibious.
You can wear up to eight rings at the same time.
Your skin changes colour to match your surroundings (Stealth+).
Your rubbery body absorbs attacks. (AC +1, EV +1)
((You are camouflaged near water. (Stealth+)))
You have tentacles for arms and can constrict up to eight enemies at once.


Message History

The floor.
You fly upwards.
Level annotation: exclusion: sky beast
There is a stone staircase leading down here.
You fly downwards.
There is a stone staircase leading up here.
w - 3 scrolls labelled QILUIS WASOAJAO (gained 2)
A hornet zombie comes into view.
Press: ? - help, v - describe, . - travel
Here: a hornet zombie The floor.
Casting: Passwall (safe; 16% risk of failure)
Confirm with . or Enter, or press ? or * to list all spells.
One of your tentacles grows a vicious spike.
You tentacle-slap the hornet zombie but do no damage.
You grab the hornet zombie. You tentacle-slap the hornet zombie.
The hornet zombie is lightly damaged.
You constrict the hornet zombie. The hornet zombie hits you!
You tentacle-slap the hornet zombie but do no damage.
You squeeze the hornet zombie.
The hornet zombie is lightly damaged.
You constrict the hornet zombie, but do no damage.
The hornet zombie hits you! x2
You tentacle-slap the hornet zombie.
You pierce the hornet zombie!
The hornet zombie is heavily damaged.
You constrict the hornet zombie. The hornet zombie barely misses you.
You tentacle-slap the hornet zombie.
You pierce the hornet zombie.
The hornet zombie is heavily damaged.
Your transformation is almost over.
You constrict the hornet zombie. The hornet zombie closely misses you.
You tentacle-slap the hornet zombie.
You tentacle-slap the hornet zombie, but do no damage.
The hornet zombie is severely damaged.
You constrict the hornet zombie, but do no damage.
The hornet zombie hits you!
You release your grip on the hornet zombie.
The hornet zombie hits you!
* * * LOW HITPOINT WARNING * * *
The hornet zombie hits you!
You die...

.. .. #. ..#....### [. .
........# #. ........##.#
#. ........##.######.#
#....#............#######
#.......##Z#######......#
#....##.##@# #.####<#
#.......# #......#
###...### #.......# #<..#
#......#.. #...#
......(...## #...#
###......... #...#
#.#..##... ..... .....#
... ....... ..#.... ...


You could see a hornet zombie.

Vanquished Creatures
  Duvessa (D:5)
  2 ice beasts (D:5)
  Dowan (D:5)
  2 scorpions
  2 centaur skeletons
  A gnoll shaman (D:5)
  3 jellies
  2 hounds
  An orc priest (D:4)
  A scorpion zombie (D:5)
  An iguana (D:5)
  An orc wizard (D:4)
  Robin (D:2)
  11 gnolls
  9 adders
  5 worms
  2 dart slugs (D:5)
  6 orcs
  6 ball pythons
  2 bats (D:2)
  3 endoplasms
  2 giant cockroaches (D:3)
  20 goblins
  9 hobgoblins (D:2)
  7 jackals
  2 kobolds
  2 quokkas
  3 frilled lizards (D:2)
  4 rats
112 creatures vanquished.

Notes
Turn   | Place    | Note
-------+----------+-------------------------------------------
     0 | D:1      | 1player the Octopode Transmuter began the quest for the
                  | Orb.
     0 | D:1      | Reached XP level 1. HP: 13/13 MP: 3/3
   218 | D:1      | Found Neotran's Antique Armour Shoppe.
   456 | D:1      | Reached skill level 1 in Poison Magic
   744 | D:1      | Found a faded altar of an unknown god.
   992 | D:1      | Reached XP level 2. HP: 18/18 MP: 3/5
  1364 | D:2      | Identified the Disquisition on the Dark Rocks
  1459 | D:2      | Noticed Robin
  1470 | D:2      | Killed Robin
  1471 | D:2      | Reached XP level 3. HP: 9/24 MP: 4/6
  1671 | D:2      | Learned a level 3 spell: Spider Form
  1674 | D:2      | Learned a level 2 spell: Passwall
  2040 | D:2      | Reached XP level 4. HP: 29/30 MP: 7/7
  3482 | D:3      | Reached XP level 5. HP: 36/36 MP: 8/8
  4057 | D:3      | HP: 1/36 [centaur skeleton (3)]
  4081 | D:3      | HP: 1/36 [centaur skeleton (3)]
  4566 | D:3      | Reached skill level 1 in Hexes
  4918 | D:4      | Reached XP level 6. HP: 28/42 MP: 9/9
  5429 | D:4      | Found a sparkling altar of Nemelex Xobeh.
  5438 | D:4      | Found an ancient bone altar of Kikubaaqudgha.
  5801 | D:5      | Entered Level 5 of the Dungeon
  5976 | D:5      | Reached XP level 7. HP: 26/48 MP: 10/10
  6331 | D:5      | Reached skill level 5 in Unarmed Combat
  6709 | D:5      | Noticed Duvessa
  6748 | D:5      | Noticed Dowan
  6751 | D:5      | Killed Duvessa
  7046 | D:5      | Learned a level 3 spell: Confusing Touch
  7147 | D:5      | Reached XP level 8. HP: 51/54 MP: 11/11
  7205 | D:5      | Reached skill level 5 in Hexes
  7398 | D:5      | Identified the +0 ring mail of the Trombone {rF++}
  8084 | D:5      | Found Saer's Jewellery Boutique.
  8155 | D:5      | Killed Dowan
  8156 | D:5      | Reached skill level 5 in Fighting
  8156 | D:5      | Reached skill level 1 in Ice Magic
  8916 | D:4      | HP: 1/51 [ice beast (12)]
  9243 | D:6      | Mangled by a hornet zombie

Illustrated notes

Levels and vault maps discovered:
D:1:      heliophobic_arrival_enchanted_forest, layout_basic,
          hellmonk_ecumenical_altar_leap_of_faith, serial_shops, shop
D:2:      cheibrodos_greedy_goblins, layout_rooms, serial_aquarium,
          aquarium_bridge_long_joined [aquarium_subvault_bridge,
          aquarium_subvault_bridge, aquarium_subvault_bridge,
          aquarium_subvault_bridge, aquarium_subvault_bridge,
          aquarium_subvault_window], aquarium_window_corridor_1,
          aquarium_window_corner, aquarium_window_corner, aquarium_window_1,
          aquarium_view_2d, aquarium_view_2b, aquarium_pool_2, uniq_robin
D:3:      layout_basic, serial_glass, glass_columns_a, glass_columns_a,
          glass_columns_a, glass_columns_a
D:4:      layout_rooms, minitemple
D:5:      layout_basic, serial_shops, shop, uniq_duvessa
D:6:      layout_loops_cross

Skill      XL: |  1  2  3  4  5  6  7  8 |
---------------+-------------------------+-----
Poison Magic   | 1 2 3 |  3.0
Fighting       | 2 3 4 5 |  5.2
Transmutations | 3 |  3.0
Unarmed Combat | 4 5 |  5.0
Hexes          | 1 2 4 5 |  5.0
Ice Magic      | 2 |  2.1
Dodging        | |  2.0
Spellcasting   | |  2.0

Action                   |  1- 3 |  4- 6 |  7- 9 || total
-------------------------+-------+-------+-------++-------
Melee: Unarmed           |    68 |   174 |   112 ||   354
       Kick              |     3 |     7 |     3 ||    13
       Constrict         |    10 |    21 |     5 ||    36
       Tentacles         |     7 |    18 |     3 ||    28
       Punch             |       |     1 |     2 ||     3
       Dagger            |       |     1 |       ||     1
 Cast: Beastly Appendage |    10 |     8 |     3 ||    21
       Spider Form       |     3 |    18 |    17 ||    38
       Passwall          |       |       |     1 ||     1
  Use: Scroll            |       |     9 |     2 ||    11
       Potion            |       |       |     3 ||     3
 Stab: Sleeping          |     1 |     2 |     2 ||     5
Armor: Skin              |     2 |    16 |     4 ||    22
Dodge: Dodged            |    42 |   148 |    91 ||   281

Table legend: (Time is in decaauts)
 A = Elapsed time spent in this place.
 B = Non-inter-level travel time spent in this place.
 C = Inter-level travel time spent in this place.
 D = Time resting spent in this place.
 E = Time spent auto-exploring this place.
 F = Levels seen in this place.
 G = Mean time per level.
                   A        B        C        D        E       F      G
               +--------+--------+--------+--------+--------+-----+--------+
         Total |   9222 |   8938 |    284 |   3677 |   2182 |   6 | 1537.0 |
       Dungeon |   9222 |   8938 |    284 |   3677 |   2182 |   6 | 1537.0 |
               +--------+--------+--------+--------+--------+-----+--------+

Top non-repeatable levels by time:
     D:5: 2464 daAuts
     D:3: 2459 daAuts
     D:2: 1741 daAuts
     D:4: 1361 daAuts
     D:1: 1095 daAuts
     D:6: 99 daAuts
